 Dungeon Crawl Stone Soup version 0.30-a0-782-ge64f9170bb (webtiles) character file.

Game seed: 6098384102089917386

301 DEFE the Covered (level 6, -1/46 HPs)
             Began as a Demonspawn Wanderer on Feb 21, 2023.
             Was an Initiate of Ru.
             Slain by a black bear (4 damage)
             ... on level 4 of the Dungeon.
             The game lasted 00:02:55 (3353 turns).

DEFE the Covered (Demonspawn Wanderer)              Turns: 3353, Time: 00:02:55

Health: -1/46      AC:  9    Str: 16    XL:     6   Next: 14%
Magic:  6/6        EV:  6    Int: 12    God:    Ru [......]
Gold:   235        SH:  4    Dex: 12    Spells: 7/7 levels left

rFire   + . .      SeeInvis .    a - +2 dagger
rCold   . . .      Faith    .    c - +0 buckler
rNeg    . . .      Spirit   .    g - +0 chain mail
rPois   +          Reflect  .    (helmet restricted)
rElec   .          Harm     .    (no cloak)
rCorr   .          Rampage  .    (no gloves)
Will    .....                    (no boots) Stlth
                                 (no amulet)
HPRegen 0.27/turn                (no ring)
MPRegen 0.10/turn                (no ring)

@: no status effects
A: horns 1, demonic guardian 1, ignite blood 2, fire resistance 1, low MP 1,
poison resistance, inability to read after injury 1
a: Renounce Religion


You were on level 4 of the Dungeon.
You worshipped Ru.
Ru was noncommittal.
You visited 1 branch of the dungeon, and saw 5 of its levels.

You collected 235 gold pieces.

Inventory:

Hand Weapons
 a - a +2 dagger (weapon)
Armour
 c - a +0 buckler (worn)
 e - a +0 leather armour
 g - a +0 chain mail (worn)
Wands
 r - a wand of quicksilver (8)
Scrolls
 b - a scroll of fear
 h - 2 scrolls of brand weapon {unknown}
 i - a scroll of summoning {unknown}
 j - 3 scrolls of noise {unknown}
 o - a scroll of magic mapping {unknown}
 p - 3 scrolls of teleportation {unknown}
 q - a scroll of identify {unknown}
 t - a scroll of fog {unknown}
 u - 2 scrolls of vulnerability {unknown}
Potions
 d - a potion of invisibility
 f - a potion of brilliance {unknown}
 k - a potion of magic {unknown}
 l - a potion of resistance {unknown}
 m - a potion of mutation
 n - 2 potions of haste {unknown}
 s - 3 potions of curing {unknown}


   Skills:
 - Level 2.8 Fighting
 + Level 4.2 Armour
 - Level 1.0 Dodging
 - Level 1.7 Stealth
 - Level 1.7 Shields
 - Level 1.0 Spellcasting
 - Level 1.7 Transmutations
 + Level 3.0 Evocations


You had 7 spell levels left.
You didn't know any spells.
Your spell library contained the following spells:

 Spells                   Type           Power      Damage    Failure   Level
 Wereblood                Tmut           4%         N/A       99%         2
 Passwall                 Tmut/Erth      1%         N/A       100%        2
 Portal Projectile        Hex/Tloc       0%         N/A       100%        3
 Tukima's Dance           Hex            0%         N/A       100%        3
 Leda's Liquefaction      Hex/Erth       0%         N/A       100%        4
 Blade Hands              Tmut           2%         N/A       100%        5
 Lee's Rapid Deconstruct  Erth           0%         3d4*      100%        5
 Statue Form              Tmut/Erth      1%         N/A       100%        6


Dungeon Overview and Level Annotations

Branches:
Dungeon (5/15)
 Temple: D:4-7

Altars:
Ashenzari
Cheibriados
Fedhas
Hepliaklqana
Ru
Sif Muna
Vehumet

Annotations:
D:4 exclusion: statue


Innate Abilities, Weirdness & Mutations

You have a pair of small horns on your head.
A weak demonic guardian rushes to your aid.
Your demonic aura often causes spilled blood to erupt in flames.
Your flesh is heat resistant. (rF+)
Your magical capacity is low. (-10% MP)
Your system is resistant to poisons. (rPois)
You occasionally lose the ability to read scrolls when taking damage.


Message History

* * * LOW HITPOINT WARNING * * *
The black bear claws you but does no damage.
The black bear claws you.
* * * LOW HITPOINT WARNING * * *
The phantom barely misses you.
You take 2 damage, and have 12/46 hp.
Unknown command.
Unknown command.
You barely miss the phantom. The black bear barely misses you.
The black bear claws you but does no damage.
You block the black bear's attack. The phantom hits you.
* * * LOW HITPOINT WARNING * * *
The phantom blinks!
You blink.
You take 1 damage, and have 11/46 hp.
The phantom hits you.
* * * LOW HITPOINT WARNING * * *
A demonic guardian appears!
The phantom blinks!
You blink.
You take 3 damage, and have 8/46 hp.
You barely miss the phantom. Your headbutt misses the phantom.
The phantom completely misses you.
Unknown command.
You barely miss the phantom. The phantom barely misses you.
The black bear bites you.
* * * LOW HITPOINT WARNING * * *
A demonic guardian appears!
The black bear claws you.
* * * LOW HITPOINT WARNING * * *
The black bear claws you but does no damage.
Unknown command.
You take 2 damage, and have 6/46 hp.
It was a potion of mutation.
You feel extremely strange.
You feel less energetic.
You occasionally lose the ability to read scrolls when taking damage.
You feel resistant to heat.
You feel resistant to poisons. The phantom hits you.
* * * LOW HITPOINT WARNING * * *
Your shadow imp closely misses the phantom.
The black bear bites you.
You die...

##......# #.### #.._.##.# #.#
#....##.#####.#
##..≈.##.....#.#
#>....##.....#.#
############.##§........#.#
#.......................#.###
#.##########.#.##.##....'....
#.# #.5@h.#...#....###.. #.#
#.W5..#...#....# ### #.#
#.....#...#....##### #.#
#.....#._.#......... #.#
#.....#...#.....#### #.#
#.....#.8.#..##.# # #)#
####.....# #..##.# #.#
#....#...#####..##.# #.#
#....#.#........##.#


You could see a black bear, a phantom (ally target), a friendly white imp
(summoned) and a friendly shadow imp (summoned).

Vanquished Creatures
  An ogre (D:4)
  An ice beast (D:5)
  An orc wizard (D:3)
  4 adders
  A worm (D:2)
  2 dart slugs (D:4)
  4 orcs (D:3)
  5 endoplasms
  A giant cockroach (D:3)
  5 goblins
  6 hobgoblins
  3 jackals (D:4)
  3 kobolds
  4 quokkas
  5 ball pythons
  A bat (D:1)
  4 frilled lizards
  4 rats
55 creatures vanquished.

Notes
Turn   | Place    | Note
-------+----------+-------------------------------------------
     0 | D:1      | DEFE the Demonspawn Wanderer began the quest for the Orb.
     0 | D:1      | DEFE set off with the following items: a +2 dagger, a
                  | scroll of fear, a +0 buckler, a potion of invisibility, a
                  | +0 leather armour; and the following spells available to
                  | memorise: Wereblood, Passwall.
     0 | D:1      | Reached XP level 1. HP: 16/16 MP: 2/2
   378 | D:1      | Gained mutation: Your demonic aura sometimes causes spilled
                  | blood to erupt in flames. [demonic ancestry]
   378 | D:1      | Reached XP level 2. HP: 23/23 MP: 3/3
   770 | D:2      | Reached skill level 1 in Armour
   875 | D:2      | Reached XP level 3. HP: 28/28 MP: 4/4
  1015 | D:2      | Reached skill level 2 in Armour
  1220 | D:3      | Found a broken altar of Ashenzari.
  1235 | D:3      | Gained mutation: A weak demonic guardian rushes to your
                  | aid. [demonic ancestry]
  1235 | D:3      | Reached XP level 4. HP: 34/34 MP: 5/5
  1474 | D:3      | Reached skill level 3 in Armour
  2169 | D:4      | Found a blossoming altar of Fedhas.
  2370 | D:4      | Found a shimmering blue altar of Sif Muna.
  2378 | D:4      | Found a radiant altar of Vehumet.
  2467 | D:4      | Found a hazy altar of Hepliaklqana.
  2476 | D:4      | Found a sacrificial altar of Ru.
  2617 | D:4      | Became a worshipper of Ru the Awakened
  2708 | D:4      | Reached skill level 1 in Evocations
  2845 | D:4      | Noticed an ogre
  3014 | D:4      | Killed an ogre
  3015 | D:4      | Gained mutation: You have a pair of small horns on your
                  | head. [demonic ancestry]
  3015 | D:4      | Reached XP level 5. HP: 40/40 MP: 6/6
  3211 | D:4      | Noticed a frost-covered statue
  3220 | D:5      | Entered Level 5 of the Dungeon
  3224 | D:5      | Found a snail-covered altar of Cheibriados.
  3238 | D:5      | Noticed an ice beast
  3248 | D:5      | Killed an ice beast
  3249 | D:5      | Reached skill level 4 in Armour
  3249 | D:5      | Gained mutation: Your demonic aura often causes spilled
                  | blood to erupt in flames. [demonic ancestry]
  3249 | D:5      | Reached XP level 6. HP: 37/46 MP: 7/7
  3353 | D:4      | Gained mutation: Your magical capacity is low. (-10% MP)
                  | [potion of mutation]
  3353 | D:4      | Gained mutation: You occasionally lose the ability to read
                  | scrolls when taking damage. [potion of mutation]
  3353 | D:4      | Gained mutation: Your flesh is heat resistant. (rF+)
                  | [potion of mutation]
  3353 | D:4      | Gained mutation: Your system is resistant to poisons.
                  | (rPois) [potion of mutation]
  3353 | D:4      | Slain by a black bear

Illustrated notes

Levels and vault maps discovered:
D:1:      minmay_arrival_up_and_down, layout_loops_ring
D:2:      layout_rooms
D:3:      layout_basic, cheibrodos_ashenzari_chains, serial_park_tiny_1
D:4:      layout_basic, fedhas_altar_1, vehumet_statue,
          mainiacjoe_overflow_swirl, mainiacjoe_overflow_tiny_flanked
D:5:      minmay_recursive_quarters, layout_cave_pools, cheibriados_altar_1,
          kennysheep_generic_room_2

Skill      XL: |  1  2  3  4  5  6 |
---------------+-------------------+-----
Armour         | 1 2 3 4 |  4.2
Evocations     | 2 3 |  3.0
Fighting       | |  2.8
Dodging        | |  1.0
Stealth        | |  1.7
Shields        | |  1.7
Spellcasting   | |  1.0
Transmutations | |  1.7

Action                     |  1- 3 |  4- 6 || total
---------------------------+-------+-------++-------
  Melee: Dagger            |   106 |   148 ||   254
         Headbutt          |       |     4 ||     4
  Evoke: Wand              |       |     3 ||     3
    Use: Scroll            |       |     1 ||     1
         Potion            |       |     1 ||     1
   Stab: Sleeping          |     1 |       ||     1
 Armour: Chain mail        |    47 |   104 ||   151
         Leather armour    |     2 |       ||     2
  Dodge: Dodged            |    38 |    68 ||   106
  Block: Buckler           |    11 |    26 ||    37

Table legend: (Time is in decaauts)
 A = Elapsed time spent in this place.
 B = Non-inter-level travel time spent in this place.
 C = Inter-level travel time spent in this place.
 D = Time resting spent in this place.
 E = Time spent auto-exploring this place.
 F = Levels seen in this place.
 G = Mean time per level.
                   A        B        C        D        E       F      G
               +--------+--------+--------+--------+--------+-----+--------+
         Total |   3365 |   3159 |    206 |    129 |   2435 |   5 |  673.0 |
       Dungeon |   3365 |   3159 |    206 |    129 |   2435 |   5 |  673.0 |
               +--------+--------+--------+--------+--------+-----+--------+

Top non-repeatable levels by time:
     D:4: 1151 daAuts
     D:3: 913 daAuts
     D:1: 762 daAuts
     D:2: 430 daAuts
     D:5: 107 daAuts
